 Dungeon Crawl Stone Soup version 0.29-a0-613-gf2c431b9b9 (webtiles) character file.

Game seed: 8302694526508585302

59 HoaS the Bolt Thrower (level 4, 0/26 HPs)
             Began as a Gargoyle Hunter on June 16, 2022.
             Slain by a goblin
             ... wielding a +0 dagger
             ... led by Robin
              (1 damage)
             ... on level 1 of the Dungeon.
             The game lasted 00:02:47 (1035 turns).

HoaS the Bolt Thrower (Gargoyle Hunter)             Turns: 1035, Time: 00:02:47

Health: 0/26       AC:  7    Str: 21    XL:     4   Next: 3%
Magic:  4/4        EV: 12    Int:  9    God:
Gold:   965        SH:  0    Dex: 15    Spells: 3/3 levels left

rFire   . . .      SeeInvis .   a - +1 hand crossbow
rCold   . . .      Faith    .   (no shield)
rNeg    + . .      Spirit   .   b - +0 leather armour
rPois   ∞          Reflect  .   i - +0 helmet
rElec   +          Harm     .   (no cloak)
rCorr   .          Rampage  .   (no gloves)
Will    .....                   (no boots)
Stlth   ++........              (no amulet)
HPRegen 0.08/turn               d - +6 ring of strength
MPRegen 0.09/turn               (no ring)

@: mighty
A: sickness immunity, AC +3, negative energy resistance 1, electricity
resistance, torment resistance 1, petrification resistance
a: no special abilities


You were on level 1 of the Dungeon.
You visited 1 branch of the dungeon, and saw 2 of its levels.

You collected 965 gold pieces.

Inventory:

Hand Weapons
 a - a +1 hand crossbow (weapon)
Armour
 b - a +0 leather armour (worn)
 e - a +0 chain mail
 i - a +0 helmet (worn)
Jewellery
 d - a +6 ring of strength (left hand)
Scrolls
 c - a scroll of immolation
 g - a scroll of noise {unknown}
Potions
 f - a potion of attraction {unknown}
 h - a potion of might


   Skills:
 - Level 2.1 Fighting
 + Level 5.5 Crossbows
 - Level 1.5 Dodging
 - Level 1.1 Stealth


You had 3 spell levels left.
You didn't know any spells.
Your spell library was empty.

Dungeon Overview and Level Annotations

Branches:
Dungeon (2/15)

Altars:


Innate Abilities, Weirdness & Mutations

You are immune to sickness and miasma.
Your stone body is resilient. (AC +3)
You are immune to poison.
You resist negative energy. (rN+)
You are resistant to electric shocks. (rElec)
You are resistant to unholy torment.
You are immune to petrification.


Message History

Press: ? - help, Q - select action Shift-Dir - straight line, f/p - goblin
Aim: a goblin, wielding a +0 dagger (58% to hit)
You shoot a bolt. The bolt closely misses the goblin.
The goblin hits you but does no damage. The goblin closely misses you.
Shoot: a) +1 hand crossbow
Press: ? - help, Q - select action Shift-Dir - straight line, f/p - goblin
Aim: a goblin, wielding a +0 dagger (58% to hit)
You shoot a bolt. The bolt hits the goblin.
You kill the goblin!
The goblin hits you but does no damage.
Shoot: a) +1 hand crossbow
Press: ? - help, Q - select action Shift-Dir - straight line, f - goblin
Aim: a goblin, wielding a +0 dagger (58% to hit)
You shoot a bolt. The bolt barely misses the goblin.
The goblin hits you with a +0 dagger.
* * * LOW HITPOINT WARNING * * *
The goblin barely misses you.
Shoot: a) +1 hand crossbow
Press: ? - help, Q - select action Shift-Dir - straight line, f/p - goblin
Aim: a goblin, wielding a +0 dagger (58% to hit)
You shoot a bolt. The bolt closely misses the goblin.
The goblin barely misses you.
Shoot: a) +1 hand crossbow
Press: ? - help, Q - select action Shift-Dir - straight line, f/p - goblin
Aim: a goblin, wielding a +0 dagger (58% to hit)
You shoot a bolt. The bolt closely misses the goblin.
The goblin closely misses you.
Shoot: a) +1 hand crossbow
Press: ? - help, Q - select action Shift-Dir - straight line, f/p - goblin
Aim: a goblin, wielding a +0 dagger (58% to hit)
You shoot a bolt. The bolt closely misses the goblin.
The goblin hits you with a +0 dagger.
* * * LOW HITPOINT WARNING * * *
Shoot: a) +1 hand crossbow
Press: ? - help, Q - select action Shift-Dir - straight line, f/p - goblin
Aim: a goblin, wielding a +0 dagger (58% to hit)
You shoot a bolt.
The bolt hits the goblin but does no damage.
The goblin hits you with a +0 dagger.
You die...

##......[...#.....#.#
#####........>..##......#
...##...............#.###
##.##...............#.#
##.#####.....#........#
......#####..#.#.#....########
......## #...................#
.......# ##..#.#)###...#####.#
.......####..#.#@###...# #...#
...............g.......###.###
.......####..#...#.........#
......................######
......######.#....##..#####
......# #..............#
......########.#..##.##.###
............####..##.##.#
.........##.####........#


You could see a goblin.

Vanquished Creatures
  Robin (D:1)
  An adder (D:2)
  2 dart slugs (D:1)
  A bat (D:1)
  3 endoplasms
  12 goblins
  2 quokkas (D:1)
  3 ball pythons (D:1)
  2 frilled lizards (D:1)
  2 kobolds (D:1)
  4 rats
33 creatures vanquished.

Notes
Turn   | Place    | Note
-------+----------+-------------------------------------------
     0 | D:1      | HoaS the Gargoyle Hunter began the quest for the Orb.
     0 | D:1      | Reached XP level 1. HP: 12/12 MP: 1/1
    95 | D:1      | Reached XP level 2. HP: 17/17 MP: 2/2
   574 | D:1      | Reached XP level 3. HP: 21/21 MP: 3/3
   669 | D:1      | Found a faded altar of an unknown god.
   713 | D:2      | Identified a scroll of acquirement
   713 | D:2      | Acquired 874 gold pieces
   837 | D:2      | Reached skill level 5 in Crossbows
   885 | D:2      | Identified the +1 robe of Marbles {+Blink Int+3}
   959 | D:2      | Noticed Robin
   987 | D:1      | Killed Robin
  1028 | D:1      | Reached XP level 4. HP: 3/26 MP: 4/4
  1031 | D:1      | HP: 1/26 [goblin/+0 dagger[Robin] (1)]
  1035 | D:1      | Slain by a goblin

Illustrated notes

Levels and vault maps discovered:
D:1:      dpeg_arrival_oval, layout_basic,
          shapermc_ecumenical_altar_mp_vishouse, chequers_serial_rivers_small_a,
          hangedman_abyss_or_decor_stabs, minmay_tiny_reverse_x
D:2:      layout_loops_cross, serial_co_window_serial,
          co_window_of_opportunity_a, co_window_paths_a, co_window_corner_a,
          co_window_paths_a, co_window_paths_b, co_window_broadway_b,
          co_window_of_opportunity_c, co_window_corner_cb, co_window_2corner,
          co_window_cross_4, co_window_corner_b, co_window_paths_e,
          co_window_4corner_a, glass_columns_a, glass_columns_a,
          guppyfry_early_orc_mine, uniq_robin, uniq_natasha

Skill      XL: |  1  2  3 |
---------------+----------+-----
Crossbows      | 5 |  5.5
Fighting       | |  2.1
Dodging        | |  1.5
Stealth        | |  1.1

Action                   |  1- 3 |  4- 6 || total
-------------------------+-------+-------++-------
 Fire: Hand crossbow     |    86 |     8 ||    94
  Use: Scroll            |     4 |       ||     4
       Potion            |     1 |       ||     1
Armor: Leather armour    |    18 |     3 ||    21
Dodge: Dodged            |    28 |     4 ||    32

Table legend: (Time is in decaauts)
 A = Elapsed time spent in this place.
 B = Non-inter-level travel time spent in this place.
 C = Inter-level travel time spent in this place.
 D = Time resting spent in this place.
 E = Time spent auto-exploring this place.
 F = Levels seen in this place.
 G = Mean time per level.
                   A        B        C        D        E       F      G
               +--------+--------+--------+--------+--------+-----+--------+
         Total |   1064 |   1045 |     19 |     47 |    743 |   2 |  532.0 |
       Dungeon |   1064 |   1045 |     19 |     47 |    743 |   2 |  532.0 |
               +--------+--------+--------+--------+--------+-----+--------+

Top non-repeatable levels by time:
     D:1: 775 daAuts
     D:2: 289 daAuts
